 Dungeon Crawl Stone Soup version 0.21-a0-401-g0b6bec4 (webtiles) character file.

7 riteheju the Sneak (level 1, -1/10 HPs)
             Began as a Spriggan Assassin on Oct 25, 2017.
             Slain by a kobold
             ... wielding a +2 short sword of protection
              (3 damage)
             ... on level 1 of the Dungeon.
             The game lasted 00:03:08 (461 turns).

riteheju the Sneak (Spriggan Assassin)               Turns: 461, Time: 00:03:09

Health: -1/10      AC:  3    Str:  7    XL:     1   Next: 91%
Magic:  2/2        EV: 17    Int: 12    God:
Gold:   8          SH:  0    Dex: 17    Spells: 0/0 levels left

rFire    . . .     SeeInvis +   a - +2 dagger
rCold    . . .     Gourm    .   (shield restricted)
rNeg     . . .     Faith    .   c - +0 robe
rPois    .         Spirit   .   (helmet restricted)
rElec    .         Reflect  .   d - +0 cloak
rCorr    .         Harm     .   (gloves unavailable)
MR       .....                  (boots unavailable)
Stlth    +++.......             (no amulet)
HPRegen  0.03/turn              (no ring)
MPRegen  0.08/turn              (no ring)

@: very quick
A: unfitting armour, see invisible, herbivore 3, speed 3, slow metabolism 2
a: no special abilities


You were on level 1 of the Dungeon.
You were not hungry.

You visited 1 branch of the dungeon, and saw 1 of its levels.

You collected 8 gold pieces.

Inventory:

Hand Weapons
 a - a +2 dagger (weapon)
 b - a +0 blowgun
Missiles
 e - 8 poisoned needles
 f - 2 curare-tipped needles
 i - 10 stones (quivered)
Armour
 c - a +0 robe (worn)
 d - a +0 cloak (worn)
Potions
 h - a potion of cancellation {unknown}
Comestibles
 g - a bread ration


   Skills:
 - Level 1.5 Fighting
 + Level 2.2 Short Blades
 - Level 2.0 Throwing
 - Level 1.5 Dodging
 * Level 6.4 Stealth


You couldn't memorise any spells.
You didn't know any spells.

Dungeon Overview and Level Annotations

Branches:
Dungeon (1/15)

Altars:
Makhleb


Innate Abilities, Weirdness & Mutations

You are very small and have problems with some larger weapons.
You are too small for most types of armour.
You have supernaturally acute eyesight. (SInv)
You are a herbivore.
You cover ground extremely quickly.
You need consume almost no food.


Message History

i - 12 stones (gained 1)
You see here a stone.
i - 13 stones (gained 1) Throwing (i - inventory):
i - 13 stones (quivered)
Press: ? - help, Shift-Dir - straight line, f - kobold
Aim: a kobold, wielding a short sword of protection You throw a stone.
The stone hits the kobold but does no damage.
Throwing (i - inventory):
i - 12 stones (quivered)
Press: ? - help, Shift-Dir - straight line, f/p - kobold
Aim: a kobold, wielding a short sword of protection You throw a stone.
The stone closely misses the kobold.
Throwing (i - inventory):
i - 11 stones (quivered)
Press: ? - help, Shift-Dir - straight line, f/p - kobold
Aim: a kobold, wielding a short sword of protection You throw a stone.
The stone hits the kobold but does no damage.
You hit the kobold but do no damage.
The kobold hits you with a short sword of protection.
You die...

#############
.#######...........###
.......#.............#
......†#.............#
..>........@.........#
.......#....K..(.....#
.#.#####.#...(.......#
#.#....(......#
#####'#.)........##
#................########
+.............(..........
#...........#.###########
#..........##.## #.....


You could see a kobold.

Vanquished Creatures
  2 leopard geckos (D:1)
  A bat (D:1)
  2 kobolds (D:1)
  A rat (D:1)
6 creatures vanquished.

Notes
Turn   | Place    | Note
-------+----------+-------------------------------------------
     0 | D:1      | riteheju the Spriggan Assassin began the quest for the Orb.
     0 | D:1      | Reached XP level 1. HP: 10/10 MP: 2/2
     3 | D:1      | Found a burning altar of Makhleb.
    36 | D:1      | Reached skill level 6 in Stealth
   461 | D:1      | Slain by a kobold

Vault maps used:
D:1:      sevenhm_arrival_forest_fort_small_6, grunt_decor_cap, st_stairs_9,
          serial_park_tiny_1

Skill      XL: |  1 |
---------------+----+-----
Stealth        | 6 |  6.4
Fighting       | |  1.5
Short Blades   | |  2.2
Throwing       | |  2.0
Dodging        | |  1.5

Action                   || total
-------------------------++-------
Melee: Dagger            ||    28
Throw: Stone             ||    23
 Stab: Sleeping          ||     1
Armor: Robe              ||     4
Dodge: Dodged            ||    20

Table legend:
 A = Spawn XP
 B = Non-spawn XP
 C = Spawn XP percentage of total XP
 D = Spawn monster count
 E = Non-spawn monster count
 F = Spawn count percentage of total count
 G = Total turns spent on level
                    A         B        C        D         E        F      G
               +---------+---------+-------+---------+---------+-------+---------
         Total |       0 |      11 |   0.0 |       0 |       6 |   0.0 |   461
               +---------+---------+-------+---------+---------+-------+---------
           D:1 |       0 |      11 |   0.0 |       0 |       6 |   0.0 |   461
               +---------+---------+-------+---------+---------+-------+---------
